| TOP OF THE 1ST |
|
Colorado Avalanche batting - Pitching for Houston Colt .45's : RHP Andy Harrigan
|
|
Pitching: RHP Andy Harrigan
|
|
|
Batting: RHB Eric Delgado
|
0-0: Called Strike 0-1: Swinging Strike 0-2: Ball 1-2: Foul Ball, location: 2F 1-2: Foul Ball, location: 2F 1-2: Strikes out swinging
|
|
Batting: LHB Nick Rooney
|
0-0: Ball 1-0: Fly out, F7 (Flyball, 7LSF, EV 74.4 MPH)
|
|
Batting: SHB Chris Besselman
|
0-0: SINGLE (Groundball, 4MD, EV 100.6 MPH)
|
|
Batting: LHB Glenn Lowther
|
0-0: Ball 1-0: Called Strike 1-1: Ball 2-1: Ball Wild Pitch! Chris Besselman to second 3-1: Foul Ball, location: 2F 3-2: Base on Balls
|
|
Batting: RHB Seisaburo Edagawa
|
0-0: 3-RUN HOME RUN (Flyball, 7D, EV 96.2 MPH), Distance : 374 ft
|
|
Batting: LHB Paul McClintock
|
0-0: Ball 1-0: Ball 2-0: DOUBLE (Line Drive, 9LD, EV 99.4 MPH)
|
|
Batting: RHB Matviy Oliynyk
|
0-0: Fly out, F9 (Flyball, 9, EV 94.4 MPH)
|
| Top of the 1st over - 3 runs, 3 hits, 0 errors, 1 left on base; Colorado 3 - Houston 0 |
| BOTTOM OF THE 1ST |
|
Houston Colt .45's batting - Pitching for Colorado Avalanche : RHP Gabe Stokes
|
|
Pitching: RHP Gabe Stokes
|
|
|
Batting: RHB Daniel Pena
|
0-0: Called Strike 0-1: Ground out 5-3 (Groundball, 56, EV 85.6 MPH)
|
|
Batting: RHB Jarno van Lente
|
0-0: Called Strike 0-1: Called Strike 0-2: Fly out, F8 (Line Drive, 89D, EV 99.4 MPH)
|
|
Batting: RHB Jorge Gutierrez
|
0-0: Called Strike 0-1: Ball 1-1: Ball 2-1: Swinging Strike 2-2: Ball 3-2: Fly out, F8 (Flyball, 8LS, EV 80.0 MPH)
|
| Bottom of the 1st over - 0 runs, 0 hits, 0 errors, 0 left on base; Colorado 3 - Houston 0 |
| TOP OF THE 2ND |
|
Colorado Avalanche batting - Pitching for Houston Colt .45's : RHP Andy Harrigan
|
|
Batting: SHB Craig Ruzic
|
0-0: Ball 1-0: Ball 2-0: Ball 3-0: Called Strike 3-1: Fly out, F7 (Flyball, 78D, EV 101.2 MPH)
|
|
Batting: RHB Wali Mulogo
|
0-0: Foul Ball, location: 2F 0-1: Foul Ball, location: 2F 0-2: SINGLE (Groundball, 34D, EV 102.5 MPH)
|
|
Batting: RHB Eric Delgado
|
0-0: Ball 1-0: Ball Passed Ball! Wali Mulogo to second 2-0: Ball 3-0: Swinging Strike 3-1: Swinging Strike 3-2: Strikes out swinging
|
|
Batting: LHB Nick Rooney
|
0-0: Ball 1-0: Ball 2-0: Foul Ball, location: 2F 2-1: Ground out 6-3 (Groundball, 6M, EV 82.5 MPH)
|
| Top of the 2nd over - 0 runs, 1 hit, 0 errors, 1 left on base; Colorado 3 - Houston 0 |
| BOTTOM OF THE 2ND |
|
Houston Colt .45's batting - Pitching for Colorado Avalanche : RHP Gabe Stokes
|
|
Batting: LHB Bob Govella
|
0-0: Called Strike 0-1: SINGLE (Line Drive, 4MD, EV 99.4 MPH)
|
|
Batting: SHB Terciero Ortiz
|
0-0: Called Strike 0-1: Ball 1-1: Foul Ball, location: 2F 1-2: Strikes out swinging
|
|
Batting: RHB John Moore
|
0-0: Ball 1-0: Swinging Strike 1-1: Swinging Strike 1-2: Foul Ball, location: 2F 1-2: Foul Ball, location: 2F 1-2: Strikes out swinging
|
|
Batting: LHB Ryan Fridley
|
0-0: Fly out, F7 (Flyball, 7D, EV 96.2 MPH)
|
| Bottom of the 2nd over - 0 runs, 1 hit, 0 errors, 1 left on base; Colorado 3 - Houston 0 |
| TOP OF THE 3RD |
|
Colorado Avalanche batting - Pitching for Houston Colt .45's : RHP Andy Harrigan
|
|
Batting: SHB Chris Besselman
|
0-0: Foul Ball, location: 2F 0-1: Foul Ball, location: 2F 0-2: Fly out, F4 (Popup, 4, EV 65.6 MPH)
|
|
Batting: LHB Glenn Lowther
|
0-0: Foul Ball, location: 2F 0-1: Ball 1-1: Ball 2-1: Swinging Strike 2-2: Ball 3-2: Base on Balls
|
|
Batting: RHB Seisaburo Edagawa
|
0-0: Called Strike 0-1: Foul Ball, location: 2F 0-2: Ball 1-2: SINGLE (Groundball, 5S, EV 75.0 MPH) (infield hit) Glenn Lowther to second
|
|
Batting: LHB Paul McClintock
|
0-0: SINGLE (Groundball, 4M, EV 104.4 MPH) (infield hit) Glenn Lowther to third Seisaburo Edagawa to second
|
|
Batting: RHB Matviy Oliynyk
|
0-0: Called Strike 0-1: Called Strike 0-2: Strikes out swinging
|
|
Batting: SHB Craig Ruzic
|
0-0: Reached via error on a dropped throw from 1B, E1 (Groundball, 3D, EV 104.4 MPH) Glenn Lowther scores Seisaburo Edagawa to third Paul McClintock to second
|
|
Batting: RHB Wali Mulogo
|
0-0: Called Strike 0-1: Ball 1-1: Foul Ball, location: 2F 1-2: Ball 2-2: Foul Ball, location: 2F 2-2: Fly out, F7 (Flyball, 78D, EV 92.5 MPH)
|
| Top of the 3rd over - 1 run, 2 hits, 1 error, 3 left on base; Colorado 4 - Houston 0 |
| BOTTOM OF THE 3RD |
|
Houston Colt .45's batting - Pitching for Colorado Avalanche : RHP Gabe Stokes
|
|
Batting: RHB Patrick Pinault
|
0-0: Called Strike 0-1: Ball 1-1: Ball 2-1: Fly out, F7 (Line Drive, 78M, EV 93.1 MPH)
|
|
Batting: RHB Roger Pelley
|
0-0: Foul Ball, location: 2F 0-1: Foul Ball, location: 2F 0-2: Ball 1-2: Ball 2-2: Strikes out looking
|
|
Batting: RHB Daniel Pena
|
0-0: Called Strike 0-1: Ball 1-1: Ball 2-1: Ball 3-1: Fly out, F7 (Flyball, 78M, EV 91.2 MPH)
|
| Bottom of the 3rd over - 0 runs, 0 hits, 0 errors, 0 left on base; Colorado 4 - Houston 0 |
| TOP OF THE 4TH |
|
Colorado Avalanche batting - Pitching for Houston Colt .45's : RHP Andy Harrigan
|
|
Batting: RHB Eric Delgado
|
0-0: Ball 1-0: Ball 2-0: Ball 3-0: Base on Balls
|
|
Batting: LHB Nick Rooney
|
0-0: Foul Ball, location: 2F 0-1: Foul Ball, location: 2F 0-2: Strikes out looking
|
|
Batting: SHB Chris Besselman
|
0-0: Ball 1-0: Fly out, F7 (Line Drive, 78M, EV 103.8 MPH)
|
|
Batting: LHB Glenn Lowther
|
0-0: Ball Eric Delgado steals 2nd base 1-0: Called Strike 1-1: Ground out 4-3 (Groundball, 34D, EV 84.4 MPH)
|
| Top of the 4th over - 0 runs, 0 hits, 0 errors, 1 left on base; Colorado 4 - Houston 0 |
| BOTTOM OF THE 4TH |
|
Houston Colt .45's batting - Pitching for Colorado Avalanche : RHP Gabe Stokes
|
|
Batting: RHB Jarno van Lente
|
0-0: Swinging Strike 0-1: Called Strike 0-2: Strikes out looking
|
|
Batting: RHB Jorge Gutierrez
|
0-0: Called Strike 0-1: Ground out 6-3 (Groundball, 6, EV 103.1 MPH)
|
|
Batting: LHB Bob Govella
|
0-0: Called Strike 0-1: Fly out, F8 (Line Drive, 78M, EV 100.0 MPH)
|
| Bottom of the 4th over - 0 runs, 0 hits, 0 errors, 0 left on base; Colorado 4 - Houston 0 |
| TOP OF THE 5TH |
|
Colorado Avalanche batting - Pitching for Houston Colt .45's : RHP Andy Harrigan
|
|
Batting: RHB Seisaburo Edagawa
|
0-0: Ball 1-0: Ball 2-0: Ball 3-0: Called Strike 3-1: Fly out, F9 (Flyball, 9, EV 85.6 MPH)
|
|
Batting: LHB Paul McClintock
|
0-0: Called Strike 0-1: Foul Ball, location: 2F 0-2: Ball 1-2: Ball 2-2: Fly out, F9 (Flyball, 9, EV 87.5 MPH)
|
|
Batting: RHB Matviy Oliynyk
|
0-0: DOUBLE (Flyball, 89XD, EV 98.1 MPH)
|
|
Batting: SHB Craig Ruzic
|
0-0: Ball 1-0: Ball 2-0: Foul Ball, location: 2F 2-1: Ball 3-1: Base on Balls
|
|
Batting: RHB Wali Mulogo
|
0-0: Ball 1-0: SINGLE (Groundball, 6MD, EV 107.5 MPH) Matviy Oliynyk to third Craig Ruzic to second Runner from 3rd tries for Home, SAFE, throw by CF to home
|
|
Batting: RHB Eric Delgado
|
0-0: Fielders Choice at 2nd, 6-4 (Groundball, 6, EV 101.2 MPH)
|
| Top of the 5th over - 1 run, 2 hits, 0 errors, 2 left on base; Colorado 5 - Houston 0 |
| BOTTOM OF THE 5TH |
|
Houston Colt .45's batting - Pitching for Colorado Avalanche : RHP Gabe Stokes
|
|
Batting: SHB Terciero Ortiz
|
0-0: Called Strike 0-1: Ball 1-1: Swinging Strike 1-2: Strikes out looking
|
|
Batting: RHB John Moore
|
0-0: Ball 1-0: Called Strike 1-1: Ball 2-1: Ball 3-1: Foul Ball, location: 2F 3-2: Strikes out swinging
|
|
Batting: LHB Ryan Fridley
|
0-0: Called Strike 0-1: Ball 1-1: Foul Ball, location: 2F 1-2: Foul Ball, location: 2F 1-2: Foul Ball, location: 2F 1-2: Foul Ball, location: 2F 1-2: Foul Ball, location: 2F 1-2: Ground out 6-3 (Groundball, 6M, EV 81.9 MPH)
|
| Bottom of the 5th over - 0 runs, 0 hits, 0 errors, 0 left on base; Colorado 5 - Houston 0 |
| TOP OF THE 6TH |
|
Colorado Avalanche batting - Pitching for Houston Colt .45's : RHP Andy Harrigan
|
|
Batting: LHB Nick Rooney
|
0-0: Called Strike 0-1: Ball 1-1: Ball 2-1: Ball 3-1: Swinging Strike 3-2: Strikes out swinging
|
|
Batting: SHB Chris Besselman
|
0-0: Ball 1-0: Ball 2-0: Swinging Strike 2-1: Ball 3-1: Foul Ball, location: 2F 3-2: Base on Balls
|
|
Batting: LHB Glenn Lowther
|
0-0: Ball 1-0: Ball 2-0: Ball 3-0: Called Strike 3-1: Called Strike 3-2: Strikes out swinging
|
|
Batting: RHB Seisaburo Edagawa
|
0-0: Foul Ball, location: 2F 0-1: SINGLE (Line Drive, 89S, EV 104.4 MPH) Chris Besselman to second
|
|
Batting: LHB Paul McClintock
|
0-0: Called Strike 0-1: Ball Passed Ball! Chris Besselman to third Seisaburo Edagawa to second 1-1: Ball Passed Ball! Chris Besselman scores Seisaburo Edagawa to third 2-1: Foul Ball, location: 2F 2-2: Foul Ball, location: 2F 2-2: Strikes out looking
|
| Top of the 6th over - 1 run, 1 hit, 0 errors, 1 left on base; Colorado 6 - Houston 0 |
| BOTTOM OF THE 6TH |
|
Houston Colt .45's batting - Pitching for Colorado Avalanche : RHP Gabe Stokes
|
|
Batting: RHB Patrick Pinault
|
0-0: Called Strike 0-1: Foul Ball, location: 2F 0-2: Ball 1-2: Strikes out swinging
|
|
Batting: RHB Roger Pelley
|
0-0: Foul Ball, location: 2F 0-1: Ball 1-1: Ball 2-1: Swinging Strike 2-2: Ball 3-2: Foul Ball, location: 2F 3-2: Strikes out looking
|
|
Batting: RHB Daniel Pena
|
0-0: Called Strike 0-1: Foul Ball, location: 2F 0-2: SINGLE (Line Drive, 56, EV 98.1 MPH)
|
|
Batting: RHB Jarno van Lente
|
0-0: Ball 1-0: Ball 2-0: Called Strike 2-1: Fly out, F8 (Line Drive, 8LM, EV 89.4 MPH)
|
| Bottom of the 6th over - 0 runs, 1 hit, 0 errors, 1 left on base; Colorado 6 - Houston 0 |
| TOP OF THE 7TH |
|
Colorado Avalanche batting - Pitching for Houston Colt .45's : RHP Andy Harrigan
|
|
Pitching: RHP Devin Spears
|
|
|
Batting: RHB Matviy Oliynyk
|
0-0: SINGLE (Groundball, 4M, EV 103.1 MPH) (infield hit)
|
|
Batting: SHB Craig Ruzic
|
0-0: Foul Ball, location: 2F 0-1: Foul Ball, location: 2F 0-2: Foul Ball, location: 2F 0-2: Ball 1-2: Foul Ball, location: 2F 1-2: Foul Ball, location: 2F 1-2: Fly out, F7 (Line Drive, 7, EV 93.8 MPH)
|
|
Batting: RHB Wali Mulogo
|
0-0: Foul Ball, location: 2F 0-1: Ball 1-1: Fly out, F2 (Popup, 2LF, EV 93.8 MPH)
|
|
Batting: RHB Eric Delgado
|
0-0: Ball 1-0: Called Strike 1-1: Ball 2-1: 2-RUN HOME RUN (Flyball, 78XD, EV 108.8 MPH), Distance : 412 ft
|
|
Batting: LHB Nick Rooney
|
0-0: Ground out 4-3 (Groundball, 4, EV 81.2 MPH)
|
| Top of the 7th over - 2 runs, 2 hits, 0 errors, 0 left on base; Colorado 8 - Houston 0 |
| BOTTOM OF THE 7TH |
|
Houston Colt .45's batting - Pitching for Colorado Avalanche : RHP Gabe Stokes
|
|
Pitching: RHP Jerry Dunne
|
|
|
Batting: RHB Jorge Gutierrez
|
0-0: Ball 1-0: Ball 2-0: Called Strike 2-1: Ground out 6-3 (Groundball, 6S, EV 67.5 MPH)
|
|
Batting: LHB Bob Govella
|
0-0: Called Strike 0-1: Fly out, F7 (Flyball, 7, EV 82.5 MPH)
|
|
Batting: SHB Terciero Ortiz
|
0-0: Fly out, F7 (Flyball, 7LM, EV 85.0 MPH)
|
| Bottom of the 7th over - 0 runs, 0 hits, 0 errors, 0 left on base; Colorado 8 - Houston 0 |
| TOP OF THE 8TH |
|
Colorado Avalanche batting - Pitching for Houston Colt .45's : RHP Devin Spears
|
|
Batting: SHB Chris Besselman
|
0-0: Ball 1-0: Ball 2-0: Called Strike 2-1: Foul Ball, location: 2F 2-2: Ball 3-2: Ground out 4-3 (Groundball, 34D, EV 106.9 MPH)
|
|
Pinch Hitting: RHB Zakhar Edelman
|
0-0: Ball 1-0: Called Strike 1-1: Foul Ball, location: 2F 1-2: Ball 2-2: Foul Ball, location: 2F 2-2: Ball 3-2: SINGLE (Flyball, 56D, EV 88.8 MPH)
|
|
Pinch Hitting: RHB Jack Stadner
|
0-0: Called Strike 0-1: Foul Ball, location: 2F 0-2: Ball Wild Pitch! Zakhar Edelman to second 1-2: Ball Passed Ball! Zakhar Edelman to third 2-2: Ball 3-2: Foul Ball, location: 2F 3-2: Base on Balls
|
|
Pinch Hitting: RHB Bob Hayes
|
0-0: Swinging Strike 0-1: Ball 1-1: Ball 2-1: Swinging Strike 2-2: Ball 3-2: Fly out, F9 (Flyball, 89S, EV 89.4 MPH)
|
|
Pinch Hitting: RHB Carlos de Jesus
|
0-0: Called Strike 0-1: Called Strike 0-2: Strikes out looking
|
| Top of the 8th over - 0 runs, 1 hit, 0 errors, 2 left on base; Colorado 8 - Houston 0 |
| BOTTOM OF THE 8TH |
|
Houston Colt .45's batting - Pitching for Colorado Avalanche : RHP Jerry Dunne
|
|
Now at 2B: Carlos de Jesus
|
|
|
Now at 3B: Bob Hayes
|
|
|
Now in LF: Zakhar Edelman
|
|
|
Now in RF: Jack Stadner
|
|
|
Batting: RHB John Moore
|
0-0: Ball 1-0: Fly out, F9 (Flyball, 89D, EV 86.9 MPH)
|
|
Batting: LHB Ryan Fridley
|
0-0: Foul Ball, location: 2F 0-1: Ball 1-1: Ground out 1-3 (Groundball, 13S, EV 73.8 MPH)
|
|
Batting: RHB Patrick Pinault
|
0-0: Ball 1-0: Called Strike 1-1: Foul Ball, location: 2F 1-2: Foul Ball, location: 2F 1-2: Ball 2-2: Ball 3-2: Foul Ball, location: 2F 3-2: Strikes out swinging
|
| Bottom of the 8th over - 0 runs, 0 hits, 0 errors, 0 left on base; Colorado 8 - Houston 0 |
| TOP OF THE 9TH |
|
Colorado Avalanche batting - Pitching for Houston Colt .45's : RHP Devin Spears
|
|
Batting: SHB Craig Ruzic
|
0-0: Ball 1-0: Ball 2-0: Fly out, F8 (Flyball, 89M, EV 94.4 MPH)
|
|
Batting: RHB Wali Mulogo
|
0-0: Ball 1-0: Called Strike 1-1: Fly out, F8 (Line Drive, 78M, EV 94.4 MPH)
|
|
Pinch Hitting: LHB Jerry Santana
|
0-0: Ball 1-0: Ball 2-0: Ball 3-0: Called Strike 3-1: Foul Ball, location: 2F 3-2: Strikes out looking
|
| Top of the 9th over - 0 runs, 0 hits, 0 errors, 0 left on base; Colorado 8 - Houston 0 |
| BOTTOM OF THE 9TH |
|
Houston Colt .45's batting - Pitching for Colorado Avalanche : RHP Jerry Dunne
|
|
Now in CF: Jerry Santana
|
|
|
Batting: RHB Roger Pelley
|
0-0: Ball 1-0: Ball 2-0: Called Strike 2-1: SINGLE (Flyball, 3D, EV 94.4 MPH)
|
|
Batting: RHB Daniel Pena
|
0-0: Ball 1-0: Ball 2-0: Ball 3-0: Called Strike 3-1: Grounds into double play, 6-4-3 (Groundball, 6, EV 80.0 MPH)
|
|
Batting: RHB Jarno van Lente
|
0-0: Ball 1-0: Ball 2-0: Reached on error, E4 (Groundball, 4, EV 86.9 MPH)
|
|
Batting: RHB Jorge Gutierrez
|
0-0: Ground out 4-3 (Groundball, 4, EV 110.0 MPH)
|
| Bottom of the 9th over - 0 runs, 1 hit, 1 error, 1 left on base; Colorado 8 - Houston 0 |
|